 Dungeon Crawl Stone Soup version 0.24-a0-139-geb6712d (webtiles) character file.

Game seed: 7206186352853272209

117 MatthieuS the Magician (level 4, -2/24 HPs)
             Began as a Deep Elf Ice Elementalist on Mar 3, 2019.
             Slain by a gnoll (6 damage)
             ... on level 2 of the Dungeon.
             The game lasted 00:08:25 (2123 turns).

MatthieuS the Magician (Deep Elf Ice Elementalist)  Turns: 2123, Time: 00:08:26

Health: -2/24      AC:  6    Str:  6    XL:     4   Next: 71%
Magic:  1/12       EV: 12    Int: 20    God:
Gold:   83         SH:  0    Dex: 15    Spells: 2/12 levels left

rFire    . . .     SeeInvis .   (no weapon)
rCold    . . .     Gourm    .   (no shield)
rNeg     . . .     Faith    .   g - +0 leather armour
rPois    .         Spirit   .   c - +1 helmet
rElec    .         Reflect  .   k - +0 cloak
rCorr    .         Harm     .   (no gloves)
MR       .....                  (no boots)
Stlth    +.........             (no amulet)
HPRegen  0.08/turn              (no ring)
MPRegen  0.13/turn              (no ring)

@: glowing
A: no striking features
a: no special abilities


You were on level 2 of the Dungeon.
You were not hungry.

You visited 1 branch of the dungeon, and saw 2 of its levels.

You collected 83 gold pieces.

Inventory:

Armour
 a - a +0 robe
 c - a +1 helmet (worn)
   (You took it off Robin on level 2 of the Dungeon)
 g - a +0 leather armour (worn)
   (You found it on level 1 of the Dungeon)
 k - a +0 cloak (worn)
   (You found it on level 2 of the Dungeon)
Scrolls
 f - a scroll of identify {@r1}
 j - a scroll of remove curse {@r2}
Potions
 d - a potion of mutation {!q}
Comestibles
 b - 9 chunks of flesh
 e - 5 rations


   Skills:
 - Level 2.4 Dodging
 - Level 2.4 Stealth
 + Level 4.8 Spellcasting
 + Level 2.6 Conjurations
 + Level 4.5 Ice Magic


You had 2 spell levels left.
You knew the following spells:

 Your Spells              Type           Power        Failure   Level  Hunger
a - Freeze                Ice            ###.         3%          1    None
b - Throw Frost           Conj/Ice       ###...       6%          2    #......
c - Ozocubu's Armour      Chrm/Ice       ##......     22%         3    ##.....
d - Throw Icicle          Conj/Ice       ###.....     38%         4    ####...

Your spell library contained the following spells:

 Spells                   Type           Power        Failure   Level  Hunger
 Summon Ice Beast         Ice/Summ       ##......     58%         4    ####...


Dungeon Overview and Level Annotations

Branches:
Dungeon (2/15)

Altars:


Message History

a stone; a +0 spear; 3 chunks of flesh; a gnoll skeleton A gnoll comes into view.
It is wielding a +0 club.
The kobold throws a stone.
The stone closely misses you.
You see here a stone.
The adder barely misses you.
Aim: an adder You freeze the adder.
The adder bites you but does no damage.
Aim: an adder (heavily wounded)
You freeze the adder!
You kill the adder!
The gnoll shaman calls upon its god to speed up the gnoll.
The gnoll seems to speed up.
A gnoll comes into view. It is wielding a +0 spear.
The gnoll completely misses you. The gnoll hits you.
Aim: a gnoll (fast)
You freeze the gnoll. The gnoll hits you.
The gnoll shaman drinks a potion.
The gnoll shaman seems to grow stronger.
As you read the scroll labeled OTAROU VOUVVAO, it crumbles to dust.
You feel blessed for a moment.
It was a scroll of remove curse.
The gnoll closely misses you.
As you read the scroll labeled DETIJ FEEVUCW, it crumbles to dust.
You hear a loud clanging noise!
It was a scroll of noise.
You hear a shout!
As you read the scroll labeled DOCVIUCLET, it crumbles to dust.
It is a scroll of enchant armour.
Your +0 helmet glows green for a moment.
The gnoll shaman hits you with a +0 club!
* * * LOW HITPOINT WARNING * * *
As you read the scroll labeled TOTUOMPOROYZ, it crumbles to dust.
It is a scroll of enchant weapon.
You aren't carrying any weapons that can be enchanted.
The gnoll shaman misses you.
Okay, then.
Aim: a gnoll shaman, wielding a +0 club and wearing a +0 leather armour (unusually strong)
You freeze the gnoll shaman!
The gnoll shaman hits you with a +0 club.
* * * LOW HITPOINT WARNING * * *
The gnoll shaman calls upon its god to heal the gnoll.
The gnoll's wounds heal themselves!
Unknown command.
The gnoll shaman calls down the wrath of its god upon you.
You are outlined in light.
The gnoll closely misses you. The gnoll barely misses you.
The gnoll closely misses you.
Aim: a gnoll (fast)
You freeze the gnoll.
The gnoll is no longer moving quickly.
The gnoll hits you.
You die...

####....####.# ..... ........#
#.# #.... ######).# #.#
####.... #(.####.# #.# #..'.)..
#.......# #.# #.##..g.
#..########.# #.##.g..
#....<....#.##### #.##....
#..##.##........#####.##..(.
#..##.##...@g.........######
#...........###g#####.######
#..##.#...#......g.g......##
#.........รท...........#.######
#.#..##.#...#..#.###g##.######
#.[..................s..g..ggs
###..###......#.###)...g#####
##..###.#.#..#.###..##.# #
#.......#.#.........##.# #


You could see a gnoll shaman and a gnoll.

Vanquished Creatures
  Robin (D:2)
  2 adders (D:2)
  2 gnolls (D:2)
  3 leopard geckos
  2 ball pythons
  5 bats
  A giant cockroach (D:2)
  16 goblins
  8 hobgoblins
  6 jackals (D:2)
  8 frilled lizards (D:1)
  5 kobolds
  5 rats
64 creatures vanquished.

Notes
Turn   | Place    | Note
-------+----------+-------------------------------------------
     0 | D:1      | MatthieuS the Deep Elf Ice Elementalist began the quest for
                  | the Orb.
     0 | D:1      | Reached XP level 1. HP: 10/10 MP: 6/6
   207 | D:1      | Reached XP level 2. HP: 15/15 MP: 2/8
   211 | D:1      | Learned a level 2 spell: Throw Frost
   910 | D:1      | Reached XP level 3. HP: 19/19 MP: 4/10
   918 | D:1      | Learned a level 3 spell: Ozocubu's Armour
  1548 | D:2      | Noticed Robin
  1691 | D:2      | Killed Robin
  1691 | D:2      | Reached XP level 4. HP: 24/24 MP: 3/12
  2008 | D:2      | Learned a level 4 spell: Throw Icicle
  2123 | D:2      | Slain by a gnoll

Levels and vault maps discovered:
D:1:      psy_arrival_statuary, layout_basic, minmay_cupped
D:2:      layout_basic, uniq_robin

Skill      XL: |  1  2  3 |
---------------+----------+-----
Spellcasting   | 4 |  4.8
Ice Magic      | 4 |  4.5
Conjurations   | 2 |  2.6
Dodging        | |  2.4
Stealth        | |  2.4

Action                   |  1- 3 |  4- 6 || total
-------------------------+-------+-------++-------
Melee: Unarmed           |     3 |     6 ||     9
 Cast: Freeze            |    51 |    16 ||    67
       Throw Frost       |    22 |    13 ||    35
       Ozocubu's Armour  |     1 |       ||     1
  Use: Potion            |     2 |       ||     2
       Scroll            |     1 |     4 ||     5
  Eat: Chunk             |     3 |     1 ||     4
Armor: Robe              |     5 |       ||     5
       Leather armour    |     3 |     6 ||     9
Dodge: Dodged            |    32 |    20 ||    52

Table legend:
 A = Non-vault XP
 B = Vault XP
 C = Vault XP percentage of total XP
 D = Non-vault monster count
 E = Vault monster count
 F = Vault count percentage of total count
                 A         B        C        D         E       F
            +---------+---------+-------+---------+---------+-------
      Total |     124 |      44 |  26.2 |      47 |      17 |  26.6
            +---------+---------+-------+---------+---------+-------
        D:1 |      35 |       9 |  20.5 |      24 |       5 |  17.2
        D:2 |      89 |      35 |  28.2 |      23 |      12 |  34.3
            +---------+---------+-------+---------+---------+-------
